 Dungeon Crawl Stone Soup version 0.29-a0-451-gfbfa42419e (webtiles) character file.

Game seed: 13594704044163618387

4159 ptdevnull the Carver (level 10, -5/114 HPs)
             Began as a Barachi Fighter on May 19, 2022.
             Was a Believer of Cheibriados.
             Slain by a kobold brigand
             ... wielding a +0 war axe
              (10 damage)
             ... in a bailey.
             The game lasted 00:27:52 (8759 turns).

ptdevnull the Carver (Barachi Fighter)              Turns: 8759, Time: 00:27:53

Health: -5/114     AC: 28    Str: 28    XL:     10   Next: 28%
Magic:  11/13      EV:  2    Int: 13    God:    Cheibriados [**....]
Gold:   187        SH: 11    Dex: 19    Spells: 9/9 levels left

rFire   . . .      SeeInvis +   a - +1 long sword (flame)
rCold   . . .      Faith    .   o - +1 kite shield {AC+3}
rNeg    . . .      Spirit   .   (body armour currently unavailable)
rPois   +          Reflect  .   (helmet currently unavailable)
rElec   .          Harm     .   (cloak currently unavailable)
rCorr   .          Rampage  .   (gloves currently unavailable)
Will    .....      NoTele   +   (boots currently unavailable)
Stlth   ++........              (no amulet)
HPRegen 0.29/turn               f - ring of see invisible
MPRegen 0.13/turn               s - +6 ring of strength

@: tree-form, attractive, slowed, very slow
A: stationary, stasis, torment immunity, boosted hp, (amphibious), (slowness 1),
(strong legs 1), +LOS
a: Renounce Religion, Bend Time


You were in a bailey.
You worshipped Cheibriados.
Cheibriados was pleased with you.
You were a tree.
You visited 2 branches of the dungeon, and saw 11 of its levels.
You also visited: Bailey.

You collected 352 gold pieces.
You spent 165 gold pieces at shops.

Inventory:

Hand Weapons
 a - a +1 long sword of flaming (weapon)
 b - a +2 short sword of venom
 t - a +1 dagger of venom
Missiles
 C - a throwing net
Armour
 k - a +0 kite shield
 l - a +2 cloak (melded)
 m - a +2 helmet (melded)
 o - a +1 kite shield of protection (worn)
 q - a +0 scale mail
 y - +0 steam dragon scales
 z - a +0 chain mail (melded)
 B - a +0 pair of boots (melded)
Jewellery
 f - a ring of see invisible (left branch)
 s - a +6 ring of strength (right branch)
Wands
 j - a wand of flame (22)
 D - a wand of acid (2)
Scrolls
 c - 4 scrolls of identify
 g - 3 scrolls of teleportation
 h - 3 scrolls of amnesia
 A - 2 scrolls of vulnerability
Potions
 d - a potion of mutation
 e - 2 potions of brilliance
 i - a potion of resistance
 p - a potion of flight
 r - 2 potions of curing


   Skills:
 + Level 5.9 Fighting
 - Level 14.0 Long Blades
 + Level 5.9 Armour
 + Level 5.4 Shields
 * Level 4.8 Invocations


You had 9 spell levels left.
You didn't know any spells.
Your spell library contained the following spells:

 Spells                   Type           Power      Damage    Failure   Level
 Apportation              Tloc           0%         N/A       65%         1
 Beastly Appendage        Tmut           0%         N/A       65%         1
 Necrotize                Necr           0%         1d4       65%         1
 Sting                    Tmut/Pois      0%         1d3       65%         1
 Summon Small Mammal      Summ           0%         N/A       65%         1
 Poisonous Vapours        Pois/Air       0%         N/A       78%         2
 Wereblood                Tmut           0%         N/A       78%         2
 Mephitic Cloud           Conj/Pois/Air  0%         N/A       95%         3
 Spider Form              Tmut/Pois      0%         N/A       95%         3
 Olgreb's Toxic Radiance  Pois           0%         N/A       100%        4
 Irradiate                Conj/Tmut      0%         3d13      100%        5


Dungeon Overview and Level Annotations

Branches:
Dungeon (11/15)            Temple (1/1) D:5          Bailey (1/1)
   Lair: D:8-11         Orc: D:9-12

Altars:
Ashenzari
Cheibriados
Dithmenos
Fedhas
Gozag
Hepliaklqana
Kikubaaqudgha
Makhleb
Nemelex Xobeh
Okawaru
Qazlal
Ru
Sif Muna
Trog
Uskayaw
Xom
Yredelemnul
Zin
The Shining One

Shops:
D:3 [[[[   D:7 *(

Annotations:
D:7 2 runed translucent doors


Innate Abilities, Weirdness & Mutations

You are a tree.
Your roots penetrate the ground, keeping you stationary.
You cannot be teleported.
You are immune to unholy pain and torment.
Your maximum health is greatly increased.
Your equipment is partially melded.
((You are amphibious.))
((You cover ground slowly.))
((You can hop short distances.))
You have an extended range of vision and can be seen from far away.


Message History

The kobold brigand is almost dead.
* * * LOW HITPOINT WARNING * * *
You feel very sick.
The kobold brigand hits you but does no damage.
Unknown command.
You hit the kobold brigand. You burn the kobold brigand.
You kill the kobold brigand!
* * * LOW HITPOINT WARNING * * *
You feel very sick. The kobold barely misses you.
The kobold brigand hits you but does no damage. x2
The kobold hits you but does no damage.
You feel better.
The kobold brigand hits you with a +0 war axe!
* * * LOW HITPOINT WARNING * * *
The kobold brigand hits you but does no damage.
The kobold barely misses you.
The kobold brigand hits you with a +0 war axe.
* * * LOW HITPOINT WARNING * * *
It was a potion of attraction.
You feel attractive to monsters. You block the kobold's attack.
The kobold brigand hits you but does no damage.
The kobold brigand hits you with a +0 war axe.
* * * LOW HITPOINT WARNING * * *
The kobold hits you but does no damage.
Really quaff the potion of lignification?
You turn into a tree.
Your +2 cloak melds into your body.
Your +2 helmet melds into your body.
Your +0 pair of boots melds into your body.
Your +0 chain mail melds into your body.
Your roots penetrate the ground.
The kobold brigand completely misses you.
You block the kobold brigand's attack. You block the kobold's attack.
The kobold brigand hits you but does no damage.
You closely miss the kobold.
The kobold brigand is no longer moving slowly.
You block the kobold's attack.
The kobold brigand hits you with a +0 war axe!
You die...

##≈≈.......≈≈##
..≈≈.......≈≈.
###≈≈.......≈≈###
..≈≈.......≈≈..
###≈≈.......≈≈###.
..≈≈.......≈≈...
.###≈≈.......≈≈###.
...≈≈...KKK.≈≈....
#≈≈...)♣..≈≈#
##≈.......≈##
####...#### #(((#
#...# #((.# ##'''##
##..∩..## #.......#


You could see 2 kobold brigands and a kobold.

Vanquished Creatures
  Pikel (D:5)
  A cyclops (D:11)
  An unseen horror (D:10)
  A troll (D:11)
  Grinder (D:6)
  2 shadows
  2 steam dragons
  A water moccasin (D:8)
  3 ice beasts
  2 ogres
  A centaur (D:5)
  3 phantoms
  3 kobold brigands
  A bullfrog (D:6)
  A scorpion (D:6)
  3 necrophages
  4 killer bees (D:10)
  2 hounds (D:5)
  3 orc priests
  A gnoll shaman (D:7)
  Natasha (thrice) (D:3)
  5 iguanas
  3 orc wizards
  7 gnolls
  3 adders
  A white imp (D:6)
  An ufetubus (D:5)
  A worm (D:4)
  A dart slug (D:4)
  11 orcs
  7 bats
  10 endoplasms
  2 giant cockroaches
  6 goblins
  8 hobgoblins
  3 jackals (D:5)
  27 kobolds
  3 quokkas
  10 ball pythons
  3 frilled lizards
  11 rats
163 creatures vanquished.

Vanquished Creatures (others)
  A fungus (D:3)
  40 plants
41 creatures vanquished.

Grand Total: 204 creatures vanquished

Notes
Turn   | Place    | Note
-------+----------+-------------------------------------------
     0 | D:1      | ptdevnull the Barachi Fighter began the quest for the Orb.
     0 | D:1      | Reached XP level 1. HP: 18/18 MP: 1/1
    68 | D:1      | Reached skill level 3 in Long Blades
    99 | D:1      | Reached XP level 2. HP: 24/24 MP: 2/2
   244 | D:1      | Reached skill level 4 in Long Blades
   328 | D:1      | Found a faded altar of an unknown god.
   657 | D:2      | Reached XP level 3. HP: 28/29 MP: 3/3
   830 | D:2      | Found an opulent altar of Gozag.
  1209 | D:3      | Noticed Natasha
  1218 | D:3      | Killed Natasha
  1219 | D:3      | Reached skill level 5 in Long Blades
  1219 | D:3      | Reached XP level 4. HP: 36/36 MP: 4/4
  1278 | D:3      | Found Rachao's Armour Emporium.
  1283 | D:3      | Found a blossoming altar of Fedhas.
  1286 | D:3      | Found a stormy altar of Qazlal.
  1298 | D:3      | Noticed Natasha
  1313 | D:3      | Killed Natasha
  1314 | D:3      | Reached skill level 6 in Long Blades
  1314 | D:3      | Reached XP level 5. HP: 24/41 MP: 5/5
  1462 | D:3      | Found Leysch's Armour Shoppe.
  1490 | D:3      | Noticed Natasha
  1502 | D:3      | Killed Natasha
  2105 | D:3      | Reached skill level 7 in Long Blades
  2105 | D:3      | Reached XP level 6. HP: 45/47 MP: 6/6
  2170 | D:3      | Found Hithrubb's Armour Emporium.
  2249 | D:3      | Found Qimuuxt's Armour Emporium.
  2892 | D:4      | Reached skill level 8 in Long Blades
  3151 | D:3      | Reached XP level 7. HP: 9/52 MP: 7/7
  3491 | D:4      | Found a shimmering blue altar of Sif Muna.
  3543 | D:4      | Reached skill level 9 in Long Blades
  3846 | D:5      | Entered Level 5 of the Dungeon
  4016 | D:5      | Noticed Pikel
  4041 | D:5      | Killed Pikel
  4042 | D:5      | Reached skill level 11 in Long Blades
  4042 | D:5      | Reached XP level 8. HP: 59/59 MP: 8/8
  4323 | D:5      | Reached skill level 12 in Long Blades
  4718 | D:5      | Found a staircase to the Ecumenical Temple.
  4750 | Temple   | Entered the Ecumenical Temple
  4902 | Temple   | Became a worshipper of Cheibriados the Contemplative
  5013 | D:3      | Bought a +1 kite shield of protection for 165 gold pieces
  5458 | D:6      | Reached skill level 13 in Long Blades
  5467 | D:6      | Reached XP level 9. HP: 61/64 MP: 9/9
  5804 | D:6      | Found a shimmering altar of Xom.
  6251 | D:6      | Noticed Grinder
  6262 | D:6      | Killed Grinder
  6263 | D:6      | Reached skill level 14 in Long Blades
  6263 | D:6      | Reached skill level 1 in Invocations
  6698 | D:7      | Found Guguop's Weapon Boutique.
  6721 | D:7      | Reached * piety under Cheibriados
  6972 | D:7      | Found a hazy altar of Hepliaklqana.
  7185 | D:7      | Found a large runed translucent door.
  7185 | D:7      | Found a large runed translucent door.
  7185 | D:7      | Found a shimmering altar of Xom.
  7227 | D:7      | Found Vurat's General Store.
  7308 | D:7      | Got the Volume of Transformation and Toxins
  7729 | D:8      | HP: 3/66 [poisoned by a water moccasin]
  8208 | D:8      | You fall into a shaft and drop 3 floors!
  8256 | D:11     | Noticed a troll
  8270 | D:11     | Killed a troll
  8359 | D:11     | Noticed a cyclops
  8369 | D:11     | Killed a cyclops
  8370 | D:11     | Reached skill level 5 in Fighting
  8370 | D:11     | Reached skill level 5 in Armour
  8370 | D:11     | Reached XP level 10. HP: 43/74 MP: 12/12
  8386 | D:10     | Entered Level 10 of the Dungeon
  8417 | D:10     | Reached skill level 5 in Shields
  8640 | D:10     | Noticed an unseen horror
  8647 | D:10     | Found a flagged portal.
  8652 | D:10     | Killed an unseen horror
  8663 | Bailey   | Entered a bailey
  8723 | Bailey   | Reached ** piety under Cheibriados
  8757 | Bailey   | HP: 3/76 [kobold brigand/+0 war axe (5)]
  8759 | Bailey   | Slain by a kobold brigand

Illustrated notes

Levels and vault maps discovered:
D:1:      minmay_arrival_plants_in_alcoves, layout_basic,
          ebering_ecumenical_altar_sacrificial
D:2:      layout_rooms, basic_altar, minmay_misc_feat_more_columns,
          nicolae_figureground_sparkle
D:3:      layout_loops_ring, grunt_temple_overflow_forces_of_nature,
          serial_shops, shop, nicolae_diamond_shop, shop_statue,
          nicolae_shop_hallway_plus, hangedman_feature_mirror, chequers_jeans,
          lexackson_kobold_supper, uniq_natasha
D:4:      layout_loops_cross, lemuel_round_altar, serial_bayou,
          serial_bayou_pond_c, serial_bayou_pond_d, serial_bayou_ford_a,
          serial_bayou_lake_a, minmay_circle_x
D:5:      layout_basic, minmay_temple_entry_fiery, dk_noncrumbling_3, uniq_pikel
D:6:      layout_basic, lemuel_tele_altar, uniq_grinder
D:7:      due_chaos_kobolds, layout_basic, kennysheep_little_box, serial_shops,
          shop, shop
D:8:      layout_cave_pods, grunt_lair_entry_orc_guard_hut, centaur_isle
D:10:     layout_irregular_city, enter_bailey_6, nicolae_trove_entry_isolated
D:11:     layout_cave_pools, serial_shops, nicolae_shop_waterfront, special_room
          [special_room_orc], chequers_garden, minivault_13, uniq_nergalle
Temple:   jpeg_temple_clearing
Bailey:   bailey_axe_3, bailey

Skill      XL: |  1  2  3  4  5  6  7  8  9 10 |
---------------+-------------------------------+-----
Long Blades    | 3 4 5 6 7 8 11 13 14 | 14.0
Invocations    | 3 4 |  4.8
Fighting       | 5 |  5.9
Armour         | 5 |  5.9
Shields        | 4 5 |  5.4

Action                   |  1- 3 |  4- 6 |  7- 9 | 10-12 || total
-------------------------+-------+-------+-------+-------++-------
Melee: Long sword        |    95 |    94 |    70 |    59 ||   318
       Short sword       |       |    48 |   239 |    14 ||   301
Invok: Bend Time         |       |       |     4 |     1 ||     5
 Abil: Hop               |       |     3 |     2 |       ||     5
  Use: Potion            |       |     6 |     8 |     3 ||    17
       Scroll            |       |       |    14 |     1 ||    15
Armor: Scale mail        |    55 |    56 |    79 |       ||   190
       Skin              |       |       |     7 |     1 ||     8
       Chain mail        |       |       |    60 |    54 ||   114
Dodge: Dodged            |    41 |    41 |    88 |    31 ||   201
Block: Buckler           |    17 |       |       |       ||    17
       Kite shield       |    16 |    58 |   121 |    49 ||   244

Table legend: (Time is in decaauts)
 A = Elapsed time spent in this place.
 B = Non-inter-level travel time spent in this place.
 C = Inter-level travel time spent in this place.
 D = Time resting spent in this place.
 E = Time spent auto-exploring this place.
 F = Levels seen in this place.
 G = Mean time per level.
                   A        B        C        D        E       F      G
               +--------+--------+--------+--------+--------+-----+--------+
         Total |  10517 |   9862 |    655 |   2256 |   5917 |  12 |  876.4 |
       Dungeon |  10219 |   9613 |    606 |   2190 |   5790 |  10 | 1021.9 |
        Temple |    191 |    142 |     49 |      0 |    127 |   1 |  191.0 |
        Bailey |    107 |    107 |      0 |     65 |      0 |   1 |  107.0 |
               +--------+--------+--------+--------+--------+-----+--------+

Top non-repeatable levels by time:
     D:3: 2303 daAuts
     D:7: 1694 daAuts
     D:5: 1429 daAuts
     D:6: 1362 daAuts
     D:4: 843 daAuts
     D:1: 761 daAuts
     D:2: 663 daAuts
     D:8: 603 daAuts
    D:10: 344 daAuts
    D:11: 213 daAuts
  Temple: 191 daAuts
  Bailey: 107 daAuts
